 Dungeon Crawl Stone Soup version 0.20-a0-454-g2b43fbb (webtiles) character file.

60 HarleyQuinn the Twirler (level 3, 0/27 HPs)
             Began as a Demonspawn Gladiator on Jan 9, 2017.
             Slain by an adder (1 damage)
             ... on level 2 of the Dungeon.
             The game lasted 00:01:39 (2090 turns).

HarleyQuinn the Twirler (Demonspawn Gladiator)      Turns: 2090, Time: 00:01:39

Health: 0/27       AC:  4    Str: 14    XL:     3   Next: 82%
Magic:  3/3        EV: 12    Int: 10    God:
Gold:   53         SH:  0    Dex: 14    Spells: 2/2 levels left

rFire  . . .     SeeInvis .     a - +0 quarterstaff
rCold  . . .     Gourm    .     b - +0 leather armour
rNeg   . . .     Faith    .     (shield currently unavailable)
rPois  .         Spirit   .     c - +0 helmet
rElec  .         Reflect  .     (no cloak)
rCorr  .         Harm     .     (no gloves)
MR     .....                    (no boots)
Stlth  +.........               j - amulet of magic regeneration
                                (no ring)
                                (no ring)

@: lethally poisoned (0 -> -6)
A: claws 2
a: no special abilities


You were on level 2 of the Dungeon.
You were not hungry.

You visited 1 branch of the dungeon, and saw 2 of its levels.

You collected 53 gold pieces.

Inventory:

Hand Weapons
 a - a +0 quarterstaff (weapon)
Missiles
 d - 4 throwing nets (quivered)
Armour
 b - a +0 leather armour (worn)
 c - a +0 helmet (worn)
Jewellery
 j - an amulet of magic regeneration (around neck)
Scrolls
 i - a scroll of identify {unknown}
 n - a scroll of magic mapping {unknown}
Potions
 e - a potion of heal wounds {unknown}
 g - 5 potions of curing {unknown}
 k - a potion of lignification {unknown}
 l - a potion of haste {unknown}
Comestibles
 f - 2 bread rations
 h - 5 chunks of flesh
 m - a beef jerky
 o - a meat ration


   Skills:
 - Level 2.0 Fighting
 - Level 3.2 Staves
 - Level 1.7 Throwing
 - Level 2.6 Dodging
 + Level 2.5 Unarmed Combat


You had 2 spell levels left.
You didn't know any spells.

Dungeon Overview and Level Annotations

Branches:
Dungeon (2/15)

Altars:


Innate Abilities, Weirdness & Mutations

You have very sharp fingernails.


Message History

You are too injured to fight recklessly!
You are too injured to fight recklessly!
The gnoll hits you with a whip! The adder bites you.
* * * LOW HITPOINT WARNING * * *
You are poisoned.
The adder poisons you!
You feel sick. The adder closely misses you.
You feel sick. The adder bites you.
* * * LOW HITPOINT WARNING * * *
You are more poisoned.
The adder poisons you!
* * * LOW HITPOINT WARNING * * *
You feel sick.
* * * LOW HITPOINT WARNING * * *
You feel sick. The adder bites you.
You die...

.##..[...............#
.......#.##..####.##.##
#####.##.##..####.#...# ##
#.............#...# ######.##
#.###.#.#######...# #........
...##.###.#.# #...# #.##.....
...##...<...#######...#####.##.....
...######.####.....gg.......#......
.....# #...>....@Sgg.g............
...#.# #.####...).................
...#.####.# ######...#########..>.
...#.##...# #...# #..## ..##.##.#.#
#...# #...# #.......#.# #...# #.#.#
#.##.##.#.# #...# #.... #.##.##.#.#
######.## ###.# ..........#
#......# ..


You could see 4 gnolls, an adder and a goblin.

Vanquished Creatures
  An adder (D:2)
  An ooze (D:2)
  2 dart slugs
  A leopard gecko (D:1)
  A ball python (D:1)
  3 giant cockroaches (D:1)
  5 goblins
  6 hobgoblins
  4 jackals (D:1)
  4 kobolds (D:1)
  6 bats
  A frilled lizard (D:2)
  5 rats
40 creatures vanquished.

Notes
Turn   | Place    | Note
-------+----------+-------------------------------------------
     0 | D:1      | HarleyQuinn the Demonspawn Gladiator began the quest for the Orb.
     0 | D:1      | Reached XP level 1. HP: 16/16 MP: 1/1
   105 | D:1      | Reached skill level 3 in Staves
   118 | D:1      | Gained mutation: You have sharp fingernails. [demonic ancestry]
   118 | D:1      | Reached XP level 2. HP: 6/22 MP: 2/2
   832 | D:1      | Reached skill level 1 in Unarmed Combat
  1539 | D:1      | Gained mutation: You have very sharp fingernails. [demonic ancestry]
  1539 | D:1      | Reached XP level 3. HP: 23/27 MP: 3/3
  2087 | D:2      | HP: 1/27 [poisoned by an adder]
  2090 | D:2      | Slain by an adder

Vault maps used:
D:1:      dpeg_arrival_lava_altar
D:2:      first_bread

Skill      XL: |  1  2  3 |
---------------+----------+-----
Staves         | 3 |  3.2
Unarmed Combat | 1 2 |  2.5
Fighting       | |  2.0
Throwing       | |  1.7
Dodging        | |  2.6

Action                   || total
-------------------------++-------
Melee: Quarterstaff      ||   104
 Stab: Sleeping          ||     1
  Eat: Chunk             ||     4
Armor: Leather armour    ||    43
Dodge: Dodged            ||    74
